 Dungeon Crawl Stone Soup version 0.20.0-10-g0535bb4 (webtiles) character file.

3342 anfisbena the Arsonist (level 10, -4/81 HPs)
             Began as an Ogre Fire Elementalist on June 3, 2017.
             Was an Initiate of Ashenzari.
             Hit by a stone thrown by an orc warrior (18 damage)
             ... on level 7 of the Dungeon.
             The game lasted 00:14:06 (13097 turns).

anfisbena the Arsonist (Ogre Fire Elementalist)    Turns: 13097, Time: 00:14:06

Health: -4/81      AC:  3    Str: 14    XL:     10   Next: 2%
Magic:  7/19       EV: 10    Int: 19    God:    Ashenzari [......]
Gold:   376        SH:  0    Dex:  9    Spells: 5/21 levels left

rFire    . . .     SeeInvis .   q - +0 giant club
rCold    . . .     Gourm    .   (shield currently unavailable)
rNeg     . . .     Faith    .   a - +0 robe
rPois    .         Spirit   .   (helmet restricted)
rElec    .         Reflect  .   (no cloak)
rCorr    .         Harm     .   (gloves unavailable)
MR       +....                  (boots unavailable)
Stlth    +.........             (no amulet)
Regen    0.3/turn               (no ring)
MPRegen  0.2/turn               (no ring)

@: no status effects
A: unfitting armour, tough skin 1
a: Curse Item, Renounce Religion


You were on level 7 of the Dungeon.
You worshipped Ashenzari.
Ashenzari was noncommittal.
You were not hungry.

You visited 2 branches of the dungeon, and saw 8 of its levels.
You also visited: Sewer.

You collected 376 gold pieces.

Inventory:

Hand Weapons
 q - a +0 giant club (weapon)
Missiles
 l - 7 large rocks (quivered)
Armour
 a - a +0 robe (worn)
 i - a +0 cloak
Jewellery
 w - an uncursed amulet of regeneration
Wands
 f - a wand of clouds (2/9)
 v - a wand of lightning (10/15)
 B - a wand of disintegration (8/24)
Scrolls
 d - 2 scrolls of magic mapping
 e - a scroll of blinking
 g - a scroll of amnesia {unknown}
 k - a scroll of torment
 m - 2 scrolls of remove curse
 o - 2 scrolls of recharging
 s - 2 scrolls of enchant weapon
 u - 3 scrolls of teleportation {unknown}
 x - a scroll of immolation {unknown}
 y - a scroll of acquirement {unknown}
 z - 2 scrolls of identify
Potions
 h - a potion of might
 j - 2 potions of degeneration {unknown}
 p - a potion of mutation {unknown}
 r - a potion of magic {unknown}
Books
 b - a book of Flames

   Spells                             Type                      Level
   a - Flame Tongue                   Conjuration/Fire             1
   b - Throw Flame                    Conjuration/Fire             2
   c - Conjure Flame                  Conjuration/Fire             3
   d - Inner Flame                    Hexes/Fire                   3
   e - Sticky Flame                   Conjuration/Fire             4
   f - Fireball                       Conjuration/Fire             5
 A - a book of Geomancy

   Spells                             Type                      Level
   a - Sandblast                      Earth                        1
   b - Passwall                       Transmutation/Earth          2
   c - Stone Arrow                    Conjuration/Earth            3
   d - Petrify                        Transmutation/Earth          4
   e - Lee's Rapid Deconstruction     Earth                        5
Comestibles
 c - 3 bread rations
 n - a meat ration
 t - 5 chunks of flesh


   Skills:
 - Level 1.7 Dodging
 - Level 1.4 Stealth
 - Level 6.0 Spellcasting
 + Level 7.2 Conjurations
 * Level 9.8 Fire Magic


You had 5 spell levels left.
You knew the following spells:

 Your Spells              Type           Power        Failure   Level  Hunger
a - Flame Tongue          Conj/Fire      #####        1%          1    None
b - Sticky Flame          Conj/Fire      #####...     3%          4    ####...
c - Conjure Flame         Conj/Fire      #####...     1%          3    ##.....
d - Inner Flame           Hex/Fire       ###.....     4%          3    ##.....
f - Fireball              Conj/Fire      #####.....   10%         5    #####..


Dungeon Overview and Level Annotations

Branches:
Dungeon (7/15)             Temple (1/1) D:4

Altars:
Ashenzari
Cheibriados
Dithmenos
Elyvilon
Fedhas
Gozag
Hepliaklqana
Makhleb
Nemelex Xobeh
Okawaru
Qazlal
Ru
Sif Muna
Trog
Uskayaw
Vehumet
Xom
Yredelemnul
Zin
The Shining One


Innate Abilities, Weirdness & Mutations

You are too large for most types of armour.
You have tough skin. (AC +1)


Message History

Casting: Flame Tongue
Confirm with . or Enter, or press ? or * to list all spells.
Aiming: Flame Tongue
Press: ? - help, Shift-Dir - straight line, f/p - Joseph
Aim: Joseph, wielding a quarterstaff and wearing a ring mail (severely wounded)
The flame tongue hits Joseph.
Joseph is almost dead.
The orc warrior shouts!
Joseph barely misses you.
Casting: Flame Tongue
Confirm with . or Enter, or press ? or * to list all spells.
Aiming: Flame Tongue
Press: ? - help, Shift-Dir - straight line, f/p - Joseph
Aim: Joseph, wielding a quarterstaff and wearing a ring mail (almost dead)
The flame tongue hits Joseph.
You kill Joseph!
Your Conjurations skill increases to level 7!
You have reached level 10!
The orc warrior throws a stone.
The stone hits you!!
You die...

#..# #.##....
#.(## #.##....
...#####...#
#.######
...........# #)#
..####.##.####.###
#########
#..##...)....#
#......§#
##(####.......#
#.......# #..#
#.......#
#.......# #@##
##.##.###
####+##.# #)#
#..#.# ..#.# #.#
##.#)#### #.#o#
..# #.))...###
#.#.# .##
#......'..
####†#.#####o
#......##'
#....<.......#
#..>...#..
#.###.########
#......#.. #.#
#.#.####..


You could see an orc warrior.

Vanquished Creatures
  Joseph (D:7)
  Sigmund (D:4)
  Menkaure (D:5)
  A water moccasin (D:4)
  2 sky beasts
  2 orc warriors (D:6)
  2 ogres
  2 ice beasts (D:6)
  A centaur (D:7)
  4 bullfrogs
  3 scorpions
  2 bullfrog zombies
  7 hounds
  2 jellies (D:6)
  A bullfrog skeleton (D:5)
  2 orc priests
  A centaur skeleton (D:4)
  3 iron imps (D:3)
  5 iguanas
  7 orc wizards
  6 worker ants
  A hound skeleton (D:6)
  A howler monkey zombie (D:7)
  4 gnolls (D:3)
  12 adders
  2 river rats (D:3)
  A shadow imp (D:7)
  16 oozes
  A worm (D:3)
  5 dart slugs
  15 leopard geckos
  13 orcs
  5 bats
  A bat zombie (D:1)
  13 giant cockroaches
  4 goblins
  11 hobgoblins
  15 jackals
  14 kobolds
  3 quokkas
  8 ball pythons
  18 frilled lizards
  A giant cockroach zombie (D:1)
  A jackal skeleton (D:5)
  A leopard gecko zombie (D:6)
  11 rats
233 creatures vanquished.

Notes
Turn   | Place    | Note
-------+----------+-------------------------------------------
     0 | D:1      | anfisbena the Ogre Fire Elementalist began the quest for the Orb.
     0 | D:1      | Reached XP level 1. HP: 16/16 MP: 3/3
    26 | D:1      | Reached skill level 1 in Conjurations
   383 | D:1      | Reached skill level 3 in Fire Magic
   383 | D:1      | Reached XP level 2. HP: 15/24 MP: 3/5
   658 | D:1      | You fall through a shaft!
   994 | D:1      | Reached XP level 3. HP: 24/31 MP: 1/6
  2910 | D:2      | Reached XP level 4. HP: 33/39 MP: 5/7
  2917 | D:2      | Learned a level 4 spell: Sticky Flame
  3341 | D:3      | Found a faded altar of an unknown god.
  3384 | D:3      | Found a glowing drain.
  3405 | Sewer    | Entered a sewer
  3723 | Sewer    | Reached skill level 4 in Fire Magic
  3795 | Sewer    | Reached XP level 5. HP: 45/45 MP: 3/8
  4455 | Sewer    | Reached XP level 6. HP: 53/53 MP: 1/9
  4627 | Sewer    | Reached skill level 5 in Fire Magic
  4836 | D:3      | Learned a level 3 spell: Conjure Flame
  5236 | D:3      | Reached XP level 7. HP: 49/59 MP: 8/10
  6398 | D:3      | Found a burning altar of Makhleb.
  6817 | D:4      | Found a staircase to the Ecumenical Temple.
  6838 | D:4      | Reached skill level 6 in Fire Magic
  7139 | Temple   | Entered the Ecumenical Temple
  7368 | D:4      | Reached skill level 5 in Conjurations
  7368 | D:4      | Reached XP level 8. HP: 48/67 MP: 8/13
  7530 | D:4      | Learned a level 3 spell: Inner Flame
  7614 | D:4      | Noticed Sigmund
  7646 | D:4      | Killed Sigmund
  7646 | D:4      | Reached skill level 7 in Fire Magic
  8302 | D:5      | Entered Level 5 of the Dungeon
  8464 | D:5      | Reached skill level 5 in Spellcasting
  8737 | D:5      | Found a hide-covered altar of Uskayaw.
  8765 | D:5      | Found a snail-covered altar of Cheibriados.
  8765 | D:5      | Found a deep blue altar of Sif Muna.
  8765 | D:5      | Found a shattered altar of Ashenzari.
  8765 | D:5      | Found a glowing golden altar of the Shining One.
  8769 | D:5      | Reached XP level 9. HP: 63/74 MP: 7/16
  8772 | D:5      | Found a radiant altar of Vehumet.
  8773 | D:5      | Found a basalt altar of Yredelemnul.
  8778 | D:5      | Became a worshipper of Ashenzari the Shackled
  9015 | D:5      | Reached skill level 8 in Fire Magic
  9655 | D:5      | Noticed Menkaure
  9661 | D:5      | Killed Menkaure
 11171 | D:6      | Learned a level 5 spell: Fireball
 11749 | D:6      | Reached skill level 9 in Fire Magic
 13085 | D:7      | Noticed Joseph
 13097 | D:7      | Killed Joseph
 13097 | D:7      | Reached XP level 10. HP: 14/81 MP: 7/19
 13097 | D:7      | Hit by a stone thrown by an orc warrior

Skill      XL: |  1  2  3  4  5  6  7  8  9 |
---------------+----------------------------+-----
Conjurations   | 1 2 3 4 5 7 |  7.2
Fire Magic     | 3 4 5 6 7 9 |  9.8
Spellcasting   | 3 5 6 |  6.0
Dodging        | |  1.7
Stealth        | |  1.4

Action                   |  1- 3 |  4- 6 |  7- 9 | 10-12 || total
-------------------------+-------+-------+-------+-------++-------
Melee: Unarmed           |    69 |       |       |       ||    69
       Whip              |    46 |     3 |       |       ||    49
       Short sword       |       |    45 |   117 |       ||   162
       Giant club        |       |       |    57 |       ||    57
 Cast: Flame Tongue      |    56 |    96 |   273 |     1 ||   426
       Fireball          |       |       |     1 |       ||     1
       Sticky Flame      |       |       |     1 |       ||     1
  Use: Scroll            |     3 |     4 |     4 |       ||    11
       Potion            |       |       |     2 |       ||     2
 Stab: Sleeping          |     2 |       |       |       ||     2
  Eat: Chunk             |     7 |     9 |    17 |       ||    33
       Meat ration       |       |       |     1 |       ||     1
       Royal jelly       |       |       |     1 |       ||     1
       Fruit             |       |       |     1 |       ||     1
Armor: Robe              |    69 |    31 |    90 |       ||   190
Dodge: Dodged            |   114 |    66 |   205 |       ||   385
